 Dungeon Crawl Stone Soup version 0.24.0-13-gcf9b319 (webtiles) character file.

Game seed: 9460367199628904980, levelgen mode: deterministic

85 0gre the Shooter (level 4, -3/34 HPs)
             Began as a Formicid Hunter on Feb 21, 2020.
             Slain by a centaur (5 damage)
             ... on level 5 of the Dungeon.
             The game lasted 00:12:41 (2304 turns).

0gre the Shooter (Formicid Hunter)                  Turns: 2304, Time: 00:12:41

Health: -3/34      AC:  5    Str: 16    XL:     4   Next: 75%
Magic:  4/4        EV: 12    Int: 11    God:
Gold:   145        SH:  0    Dex: 12    Spells: 3/3 levels left

rFire    . . .     SeeInvis +   b - +0 short sword
rCold    . . .     Gourm    .   (no shield)
rNeg     . . .     Faith    .   c - +0 leather armour
rPois    +         Spirit   .   (helmet unavailable)
rElec    .         Reflect  .   (no cloak)
rCorr    .         Harm     .   k - +1 pair of gloves
MR       .....                  (no boots)
Stlth    +.........             (no amulet)
HPRegen  0.11/turn              v - ring of poison resistance
MPRegen  0.09/turn              (no ring)

@: no status effects
A: permanent stasis, dig shafts and tunnels, four strong arms, antennae 3
a: Dig, Shaft Self


You were on level 5 of the Dungeon.
You were not hungry.

You visited 1 branch of the dungeon, and saw 4 of its levels.

You collected 145 gold pieces.

Inventory:

Hand Weapons
 a - a +1 shortbow
 b - a +0 short sword (weapon)
Missiles
 d - 25 arrows
 g - 34 poisoned darts (quivered)
 n - 17 bolts
Armour
 c - a +0 leather armour (worn)
 k - a +1 pair of gloves (worn)
 u - a +0 ring mail
Jewellery
 e - an uncursed ring of ice
 o - an uncursed amulet of guardian spirit {unknown}
 q - an uncursed amulet of rage {unknown}
 r - a cursed amulet of inaccuracy {unknown}
 v - a ring of poison resistance (left hand)
Scrolls
 h - a scroll of noise {unknown}
 s - a scroll of fog {unknown}
 t - a scroll of teleportation {unknown}
Potions
 i - a potion of agility
 j - a potion of curing
 l - a potion of might
 m - a potion of brilliance {unknown}
 p - a potion of berserk rage {unknown}
Comestibles
 f - 6 rations


   Skills:
 + Level 2.7 Fighting
 + Level 0.9 Short Blades
 + Level 4.2 Bows
 + Level 0.9 Armour
 + Level 2.0 Dodging
 + Level 1.3 Stealth


You had 3 spell levels left.
You didn't know any spells.
Your spell library contained the following spells:

 Spells                   Type           Power        Failure   Level  Hunger
 Apportation              Tloc           #.....       41%         1    ##.....
 Summon Butterflies       Summ           #.......     41%         1    ##.....
 Lesser Beckoning         Tloc           #.........   78%         3    ####...
 Tukima's Dance           Hex            #.......     78%         3    ####...
 Alistair's Intoxication  Tmut/Pois      #.......     100%        5    ######.
 Invisibility             Hex            #.......     100%        6    #######


Dungeon Overview and Level Annotations

Branches:
Dungeon (3/15)

Altars:
Elyvilon
Zin


Innate Abilities, Weirdness & Mutations

You cannot be hasted, slowed, berserked, paralysed or teleported.
You can dig through walls and to a lower floor.
Your four strong arms can wield two-handed weapons with a shield.
You have a pair of large antennae on your head. (SInv)


Message History

Things that are here:
an arrow; a potion of curing The centaur shoots an arrow.
The arrow hits you but does no damage.
You see here an arrow.
The centaur unwields a +0 shortbow.
The centaur hits you.
You puncture the centaur!
The centaur is moderately wounded.
The centaur hits you.
* * * LOW HITPOINT WARNING * * *
You barely miss the centaur.
The centaur is moderately wounded.
The centaur hits you.
* * * LOW HITPOINT WARNING * * *
The centaur hits you.
* * * LOW HITPOINT WARNING * * *
You hit the centaur.
The centaur is heavily wounded.
A hound comes into view.
The centaur hits you.
You die...

#.......... ###
##..........
##.###...........
###...##..........#
##................##
#............#....##
##............#......
#.....####...###.....
###.@c..#.....#......
#.#................
####(.####.####....
#(..# #.# #....
#........##.# #....
#....!.....h..# #....
##............. ....
##........$...{ ..
.............


You could see a centaur and a hound (wandering).

Vanquished Creatures
  An adder (D:3)
  2 gnolls (D:1)
  An ooze (D:1)
  A worm (D:5)
  3 leopard geckos
  4 bats
  4 giant cockroaches
  5 hobgoblins (D:1)
  A quokka (D:2)
  A ball python (D:2)
  6 frilled lizards
  A goblin (D:1)
  14 kobolds
  A quokka skeleton (D:5)
  4 rats
49 creatures vanquished.

Notes
Turn   | Place    | Note
-------+----------+-------------------------------------------
     0 | D:1      | 0gre the Formicid Hunter began the quest for the Orb.
     0 | D:1      | Reached XP level 1. HP: 16/16 MP: 1/1
   103 | D:1      | Reached XP level 2. HP: 22/22 MP: 2/2
   376 | D:1      | Reached XP level 3. HP: 11/28 MP: 3/3
   613 | D:1      | Reached skill level 4 in Bows
  1118 | D:1      | Reached XP level 4. HP: 33/34 MP: 4/4
  1346 | D:2      | Found a white marble altar of Elyvilon.
  1616 | D:2      | Found a glowing silver altar of Zin.
  2189 | D:3      | You fall into a shaft and drop 2 floors!
  2189 | D:5      | Entered Level 5 of the Dungeon
  2293 | D:5      | Noticed a centaur
  2304 | D:5      | Slain by a centaur

Levels and vault maps discovered:
D:1:      mainiacjoe_arrival_reflecting_pool, layout_loops_ring
D:2:      layout_basic, elyvilon_altar_4, lemuel_crystal_altar
D:3:      minmay_goblin_kobold_castle, layout_basic, first_ration
D:5:      layout_cave_pools, enter_ossuary_5, uniq_menkaure

Skill      XL: |  1  2  3 |
---------------+----------+-----
Bows           | 4 |  4.2
Dodging        | 2 |  2.0
Fighting       | |  2.7
Short Blades   | |  0.9
Armour         | |  0.9
Stealth        | |  1.3

Action                   |  1- 3 |  4- 6 || total
-------------------------+-------+-------++-------
Melee: Short sword       |    58 |    48 ||   106
 Fire: Shortbow          |    41 |    32 ||    73
  Use: Potion            |     1 |       ||     1
       Scroll            |       |     4 ||     4
  Eat: Chunk             |     1 |     3 ||     4
Armor: Leather armour    |    10 |    19 ||    29
Dodge: Dodged            |    40 |    65 ||   105
